 Dungeon Crawl Stone Soup version 0.27.1-2-g3b301248ec (webtiles) character file.

Game seed: 17781717303663896978

109 Violens the Slasher (level 4, -1/41 HPs)
             Began as a Minotaur Berserker on Sept 24, 2021.
             Was a Believer of Trog.
             Succumbed to an orc's poison
             ... on level 3 of the Dungeon.
             The game lasted 00:10:26 (2143 turns).

Violens the Slasher (Minotaur Berserker)            Turns: 2143, Time: 00:10:27

Health: -1/41      AC:  6    Str: 22    XL:     4   Next: 59%
Magic:  3/3        EV: 12    Int:  4    God:    Trog [**....]
Gold:   28         SH:  0    Dex: 10    Spells: 3/3 levels left

rFire    . . .     SeeInvis .   a - +0 war axe
rCold    . . .     Faith    .   (no shield)
rNeg     . . .     Spirit   .   h - +2 leather armour {Will+}
rPois    .         Reflect  .   (helmet restricted)
rElec    .         Harm     .   (no cloak)
rCorr    .         Rampage  .   (no gloves)
Will     +....                  i - +0 pair of boots
Stlth    +.........             (no amulet)
HPRegen  0.13/turn              (no ring)
MPRegen  0.08/turn              (no ring)

@: lethally poisoned (-1 -> -3)
A: horns 2, retaliatory headbutt
a: Renounce Religion, Berserk, Trog's Hand


You were on level 3 of the Dungeon.
You worshipped Trog.
Trog was pleased with you.
You visited 1 branch of the dungeon, and saw 3 of its levels.

You collected 28 gold pieces.

Inventory:

Hand Weapons
 a - a +0 war axe (weapon)
 b - a +0 hunting sling
 d - a +0 falchion
Missiles
 c - 81 stones (quivered)
 e - 53 sling bullets
 j - 17 bolts
Armour
 h - a +2 leather armour of willpower (worn)
 i - a +0 pair of boots (worn)
Scrolls
 f - 2 scrolls of identify
 k - a scroll of brand weapon {unknown}
Potions
 g - a potion of magic


   Skills:
 + Level 4.4 Fighting
 + Level 5.2 Long Blades
 + Level 1.0 Axes
 + Level 3.1 Armour
 + Level 2.5 Dodging
 + Level 0.2 Stealth


You had 3 spell levels left.
You didn't know any spells.
Your spell library contained the following spells:

 Spells                   Type           Power      Damage    Failure   Level
 Tukima's Dance           Hex            0%         N/A       89%         3
 Passage of Golubria      Tloc           N/A        N/A       100%        4
 Yara's Violent Unravell  Hex/Tmut       0%         3d3       100%        5


Dungeon Overview and Level Annotations

Branches:
Dungeon (3/15)

Altars:


Innate Abilities, Weirdness & Mutations

You have a pair of horns on your head.
You reflexively headbutt those who attack you in melee.


Message History

The orc hits you with a +1 dagger of venom.
You are more poisoned.
You slash the orc!
You kill the orc!
Trog accepts your kill.
You feel extremely sick.
You closely miss the orc.
The orc is moderately wounded.
You feel very sick. The orc barely misses you. The orc closely misses you.
You hit the orc.
You kill the orc!
Trog accepts your kill.
* * * LOW HITPOINT WARNING * * *
You feel very sick.
You hit the orc.
The orc is heavily wounded.
* * * LOW HITPOINT WARNING * * *
You feel very sick. The orc hits you with a +0 club.
* * * LOW HITPOINT WARNING * * *
The orc closely misses you. You furiously retaliate!
You headbutt the orc.
You kill the orc!
Trog accepts your kill.
Your Axes skill increases to level 1!
You closely miss the orc.
* * * LOW HITPOINT WARNING * * *
You feel sick. The orc misses you.
You barely miss the orc.
* * * LOW HITPOINT WARNING * * *
You feel sick. The orc barely misses you.
You barely miss the orc. Your headbutt misses the orc.
* * * LOW HITPOINT WARNING * * *
You feel sick. The orc hits you with a +0 mace.
* * * LOW HITPOINT WARNING * * *
The orc hits you with a +0 mace.
* * * LOW HITPOINT WARNING * * *
You hit the orc.
The orc is moderately wounded.
You die...

#....# #....#
#....# #....###
#......#
#....#.###
#....#...##
#....###..##
##@######..##
#o####.....#####
#.....###......#
#.....# ####.#.#
#......# #...##
#......# ###..#
......... ##.#
.(.....#.######.##
..................


You could see an orc.

Vanquished Creatures
  An orc priest (D:2)
  An iguana (D:3)
  An adder (D:2)
  2 dart slugs
  6 orcs
  4 bats
  2 endoplasms (D:3)
  4 goblins
  4 hobgoblins
  2 quokkas
  2 ball pythons (D:1)
  3 frilled lizards
  A kobold (D:1)
  A rat (D:2)
34 creatures vanquished.

Notes
Turn   | Place    | Note
-------+----------+-------------------------------------------
     0 | D:1      | Violens the Minotaur Berserker began the quest for the Orb.
     0 | D:1      | Reached XP level 1. HP: 19/19 MP: 0/0
   250 | D:1      | Reached XP level 2. HP: 27/27 MP: 1/1
   265 | D:1      | Reached skill level 4 in Long Blades
  1197 | D:2      | You fall into a shaft and drop 1 floor!
  1228 | D:2      | Reached XP level 3. HP: 24/33 MP: 2/2
  1688 | D:2      | Reached skill level 5 in Long Blades
  1994 | D:3      | Reached ** piety under Trog
  1997 | D:3      | Reached XP level 4. HP: 40/40 MP: 3/3
  2140 | D:3      | Reached skill level 1 in Axes
  2142 | D:3      | HP: 2/41 [orc (1)]
  2143 | D:3      | Succumbed to an orc's poison

Illustrated notes

Levels and vault maps discovered:
D:1:      dpeg_arrival_windows_large_door, layout_loops_ring
D:2:      layout_basic, minmay_surrounded
D:3:      layout_rooms, fountainhead, kennysheep_decorative_pillar

Skill      XL: |  1  2  3  4 |
---------------+-------------+-----
Fighting       | 4 |  4.4
Long Blades    | 4 5 |  5.2
Armour         | 3 |  3.1
Axes           | 1 |  1.0
Dodging        | |  2.5
Stealth        | |  0.2

Action                   |  1- 3 |  4- 6 || total
-------------------------+-------+-------++-------
Melee: Falchion          |    38 |       ||    38
       Headbutt          |     4 |     3 ||     7
       War axe           |    16 |    21 ||    37
Throw: Stone             |     2 |     1 ||     3
  Use: Scroll            |     1 |       ||     1
Armor: Animal skin       |     3 |       ||     3
       Leather armour    |    11 |     3 ||    14
Dodge: Dodged            |    39 |     7 ||    46
       Rpst.: Falchion   |     8 |       ||     8
